 Dungeon Crawl Stone Soup version 0.29-a0-509-g793eeb5391 (webtiles) character file.

Game seed: 6951593231066895380

221 Glafi the Skirmisher (level 5, -3/49 HPs)
             Began as a Minotaur Fighter on May 29, 2022.
             Slain by Sigmund
             ... wielding a +0 scythe
              (7 damage)
             ... on level 4 of the Dungeon.
             The game lasted 00:21:39 (2648 turns).

Glafi the Skirmisher (Minotaur Fighter)             Turns: 2648, Time: 00:21:40

Health: -3/49      AC:  8    Str: 23    XL:     5   Next: 65%
Magic:  4/4        EV: 10    Int:  5    God:
Gold:   159        SH:  4    Dex:  9    Spells: 4/4 levels left

rFire   . . .      SeeInvis .   a - +0 war axe
rCold   . . .      Faith    .   c - +0 buckler
rNeg    . . .      Spirit   .   b - +0 scale mail
rPois   .          Reflect  .   (helmet restricted)
rElec   .          Harm     .   (no cloak)
rCorr   .          Rampage  .   g - +0 pair of gloves
Will    .....                   (no boots)
Stlth   ..........              (no amulet)
HPRegen 0.16/turn               (no ring)
MPRegen 0.09/turn               (no ring)

@: no status effects
A: horns 2, retaliatory headbutt
a: no special abilities


You were on level 4 of the Dungeon.
You visited 1 branch of the dungeon, and saw 4 of its levels.

You collected 159 gold pieces.

Inventory:

Hand Weapons
 a - a +0 war axe (weapon)
Armour
 b - a +0 scale mail (worn)
 c - a +0 buckler (worn)
 g - a +0 pair of gloves (worn)
Wands
 r - a wand of iceblast (12)
Scrolls
 f - a scroll of fear {unknown}
 i - 3 scrolls of enchant weapon {unknown}
 k - a scroll of blinking {unknown}
 l - a scroll of immolation {unknown}
 o - 6 scrolls of identify {unknown}
 p - a scroll of fog {unknown}
Potions
 d - 2 potions of might
 e - a potion of berserk rage {unknown}
 h - 2 potions of flight {unknown}
 j - 2 potions of attraction {unknown}
 m - a potion of ambrosia {unknown}
 n - 3 potions of magic {unknown}
 q - a potion of resistance {unknown}


   Skills:
 * Level 5.6 Fighting
 - Level 2.4 Axes
 + Level 5.2 Armour
 + Level 1.7 Dodging
 + Level 0.2 Stealth
 + Level 4.5 Shields


You had 4 spell levels left.
You didn't know any spells.
Your spell library contained the following spells:

 Spells                   Type           Power      Damage    Failure   Level
 Sandblast                Erth           0%         2d4       86%         1
 Passwall                 Tmut/Erth      0%         N/A       94%         2
 Stone Arrow              Conj/Erth      0%         3d7       99%         3


Dungeon Overview and Level Annotations

Branches:
Dungeon (4/15)
 Temple: D:4-7

Altars:
Gozag

Annotations:
D:4 Sigmund


Innate Abilities, Weirdness & Mutations

You have a pair of horns on your head.
You reflexively headbutt those who attack you in melee.


Message History

The endoplasm jiggles.
You block the ufetubus's attack.
The ufetubus hits you but does no damage.
Something hits you. You block the ufetubus's attack.
The ufetubus hits you but does no damage.
You miss the ufetubus. The ufetubus barely misses you.
You block the ufetubus's attack. Something hits you but does no damage.
The ufetubus barely misses you. You furiously retaliate!
You headbutt the ufetubus!
You kill the ufetubus!
The endoplasm freezes you.
You are frozen.
You block something's attack.
You miss something. You hit the endoplasm. The endoplasm hits you.
You block the endoplasm's attack. Something hits you but does no damage.
You closely miss something. You barely miss the endoplasm.
The endoplasm closely misses you. Something hits you!
You hit something but do no damage. Your headbutt misses something.
You barely miss the endoplasm. The endoplasm freezes you.
You are frozen.
The endoplasm freezes you.
You are frozen.
Something hits you.
You miss something. You headbutt something!
You hit the endoplasm but do no damage. The endoplasm barely misses you.
You hear some strange, mumbled words.
Something tries to affect you, but you resist.
You barely miss something. Your headbutt misses something.
You slash the endoplasm!
You kill the endoplasm!
You hear some strange, mumbled words.
You are confused.
You bump into the rock wall.
Something hits you!
* * * LOW HITPOINT WARNING * * *
You closely miss something. Something hits you but does no damage.
You bump into the rock wall.
Something hits you.
* * * LOW HITPOINT WARNING * * *
You feel less confused. Something completely misses you.
You closely miss something. Something hits you!
You die...

#.###########
#.#.###.....# #.
#.#.........# .
#.#.##......# .##
.....#......# ... #
#.####......#
#.###.#.. #.# #[.....#
#....... #.#
###††...######...#
#+#^.[......'...@....#
..#......########.#
... #........ .. ..
########## ... . .@.
..


5 There were no monsters in sight!

Vanquished Creatures
  Pargi (D:3)
  6 adders
  An ufetubus (D:4)
  4 dart slugs
  2 orcs
  12 ball pythons
  7 endoplasms
  3 goblins (D:2)
  7 hobgoblins
  3 jackals (D:1)
  2 bats (D:1)
  4 frilled lizards
  5 kobolds
  3 rats
60 creatures vanquished.

Vanquished Creatures (others)
  A fungus (D:1)
  4 plants (D:1)
5 creatures vanquished.

Grand Total: 65 creatures vanquished

Notes
Turn   | Place    | Note
-------+----------+-------------------------------------------
     0 | D:1      | Glafi the Minotaur Fighter began the quest for the Orb.
     0 | D:1      | Reached XP level 1. HP: 19/19 MP: 0/0
   156 | D:1      | Reached XP level 2. HP: 27/27 MP: 1/1
   343 | D:1      | Found a faded altar of an unknown god.
   863 | D:2      | Reached XP level 3. HP: 34/34 MP: 2/2
  1172 | D:2      | Reached XP level 4. HP: 41/41 MP: 3/3
  1657 | D:3      | Noticed Pargi
  1693 | D:3      | Killed Pargi
  1694 | D:3      | Reached skill level 5 in Fighting
  1694 | D:3      | Reached skill level 5 in Armour
  1694 | D:3      | Reached skill level 1 in Dodging
  1694 | D:3      | Reached XP level 5. HP: 13/48 MP: 4/4
  1969 | D:3      | Found an opulent altar of Gozag.
  2621 | D:4      | Noticed Sigmund
  2648 | D:4      | Slain by Sigmund

Illustrated notes

Levels and vault maps discovered:
D:1:      dpeg_arrival_more_subterranean_lakeside_camping, layout_loops_ring,
          shapermc_ecumenical_altar_mp_ritualfount
D:2:      layout_basic
D:3:      layout_loops_cross, nicolae_gozag_seed_capital,
          kennysheep_another_room, corexii_shack,
          chequers_serial_rivers_micro_a, uniq_pargi
D:4:      layout_basic, grunt_decor_cap, uniq_sigmund

Skill      XL: |  1  2  3  4 |
---------------+-------------+-----
Fighting       | 4 5 |  5.6
Armour         | 4 5 |  5.2
Shields        | 4 |  4.5
Dodging        | 1 |  1.7
Axes           | |  2.4
Stealth        | |  0.2

Action                   |  1- 3 |  4- 6 || total
-------------------------+-------+-------++-------
Melee: War axe           |    82 |    70 ||   152
       Headbutt          |    11 |     6 ||    17
Armor: Scale mail        |    42 |    46 ||    88
Dodge: Dodged            |    37 |    41 ||    78
Block: Buckler           |    27 |    17 ||    44

Table legend: (Time is in decaauts)
 A = Elapsed time spent in this place.
 B = Non-inter-level travel time spent in this place.
 C = Inter-level travel time spent in this place.
 D = Time resting spent in this place.
 E = Time spent auto-exploring this place.
 F = Levels seen in this place.
 G = Mean time per level.
                   A        B        C        D        E       F      G
               +--------+--------+--------+--------+--------+-----+--------+
         Total |   2712 |   2601 |    111 |    215 |   1830 |   4 |  678.0 |
       Dungeon |   2712 |   2601 |    111 |    215 |   1830 |   4 |  678.0 |
               +--------+--------+--------+--------+--------+-----+--------+

Top non-repeatable levels by time:
     D:3: 976 daAuts
     D:1: 878 daAuts
     D:2: 771 daAuts
     D:4: 86 daAuts
